 Dungeon Crawl Stone Soup version 0.21-a0-434-g806c6c2 (webtiles) character file.

3935 slep the Basher (level 10, 0/76 HPs)
             Began as a Demonspawn Gladiator on Nov 8, 2017.
             Was the Champion of Jiyva.
             Slain by a scorpion (7 damage)
             ... on level 7 of the Dungeon.
             The game lasted 00:29:28 (4724 turns).

slep the Basher (Demonspawn Gladiator)              Turns: 4724, Time: 00:29:29

Health: 0/76       AC:  6    Str: 17    XL:     10   Next: 1%
Magic:  10/10      EV: 15    Int:  7    God:    Jiyva [******]
Gold:   191        SH:  5    Dex: 16    Spells: 9/9 levels left

rFire    . . .     SeeInvis .   I - +2 falchion
rCold    + . .     Gourm    +   p - +0 buckler
rNeg     . . .     Faith    .   H - +0 leather armour {rPois}
rPois    +         Spirit   .   (helmet restricted)
rElec    .         Reflect  .   A - +0 cloak
rCorr    +         Harm     .   (no gloves)
MR       .....                  (no boots)
Stlth    ++........             q - amulet of the gourmand
HPRegen  0.22/turn              o - ring of wizardry
MPRegen  0.12/turn              z - ring of protection from cold

@: no status effects
A: antennae 1, hooves 1, thin metallic scales 1, clumsy 1, foul stench 1, spiny
1, rot immunity
a: Request Jelly, Slimify, Cure Bad Mutation, Renounce Religion


You were on level 7 of the Dungeon.
You worshipped Jiyva.
Jiyva was exalted by your worship.
You were completely stuffed.

You visited 1 branch of the dungeon, and saw 8 of its levels.

You collected 191 gold pieces.

Inventory:

Hand Weapons
 a - a +0 long sword
 u - a +2 flail of protection
 D - a +0 flail of crushing
 G - the +5 whip "Zyta" {slash, Str+4 Int+3}
   (You found it on level 7 of the Dungeon)

   It inflicts extra damage upon your enemies.
   It affects your strength (+4).
   It affects your intelligence (+3).
 I - a +2 falchion (weapon)
Missiles
 d - 3 throwing nets (quivered)
Armour
 b - a +0 leather armour
 c - a +0 helmet
 p - a +0 buckler (worn)
 A - a +0 cloak (worn)
 H - a +0 leather armour of poison resistance (worn)
Jewellery
 o - a ring of wizardry (left hand)
 q - an amulet of the gourmand (around neck)
 w - an uncursed ring of fire
 z - a ring of protection from cold (right hand)
Wands
 F - a wand of digging (13/24)
Scrolls
 e - a scroll of recharging {unknown}
 g - 2 scrolls of teleportation {unknown}
 i - 3 scrolls of immolation {unknown}
 j - 5 scrolls of identify {unknown}
 m - 3 scrolls of remove curse {unknown}
 s - a scroll of enchant armour {unknown}
 y - a scroll of magic mapping {unknown}
 C - 4 scrolls of fear {unknown}
Potions
 k - a potion of agility {unknown}
 l - 2 potions of haste {unknown}
 t - a potion of magic {unknown}
 v - a potion of curing
 x - a potion of mutation {unknown}
 B - a potion of heal wounds {unknown}
Comestibles
 f - 6 bread rations
 h - 2 meat rations
 n - 3 fruits
 r - 7 royal jellies
 E - 4 chunks of flesh


   Skills:
 + Level 5.7 Fighting
 + Level 4.1 Long Blades
 + Level 8.3 Maces & Flails
 + Level 2.1 Throwing
 + Level 3.9 Armour
 + Level 5.6 Dodging
 + Level 4.1 Stealth
 + Level 3.0 Shields


You had 9 spell levels left.
You didn't know any spells.

Dungeon Overview and Level Annotations

Branches:
Dungeon (8/15)             Temple (0/1) D:5
   Lair: D:8-11

Altars:
Dithmenos
Wu Jian
Zin
Jiyva


Innate Abilities, Weirdness & Mutations

You have a pair of small antennae on your head.
You are partially covered in thin metallic scales. (AC +2)
You may emit foul miasma when damaged in melee.
You are partially covered in sharp spines.
You are immune to rotting.
You have large cloven feet.
You are clumsy. (Dex -2)


Message History

The orc shouts!
There is a stone staircase leading up, spattered with blood here.
You see here 2 arrows.
The scorpion closely misses you.
You riposte.
You closely miss the scorpion.
The centaur unwields an uncursed shortbow.
The centaur hits you.
* * * LOW HITPOINT WARNING * * *
You climb upwards.
There is a stone staircase leading down here.
You hit the scorpion.
You kick the scorpion, but do no damage.
The scorpion is lightly wounded.
The centaur completely misses you.
The scorpion stings you but does no damage.
You hit the scorpion. Your kick misses the scorpion.
The scorpion is lightly wounded.
The centaur hits you.
* * * LOW HITPOINT WARNING * * *
The scorpion stings you!
You die...

...# ##.# ...# #####
#..# ...#####...# #.##
...##.....## ##.#
......#..##
############..#
...####.##
#............##
....###.#
#........#####
....##..# #...s..J.#
##.J...#######..@.....#
#.###.........c......#
#.<##.#######.J..JJ..#
###....# #....J...#
.###...#######........#
............##..#######
.....#...#####.##
.........# #.#
.....#.#######.#


You could see a centaur, a scorpion and 5 neutral jellies (fellow slime).

Vanquished Creatures
  Pikel (D:7)
  The ghost of ShadedKnight the Thrower, a novice GrHu of Ashenzari (D:7)
  An ugly thing (D:7)
  Grinder (D:4)
  A human (D:7)
  A hungry ghost (D:7)
  4 hogs (D:7)
  Edmund (D:6)
  2 sky beasts
  3 ogres
  4 centaurs
  2 bullfrogs (D:6)
  4 killer bees (D:8)
  A wight (D:7)
  A bullfrog zombie (D:5)
  A bullfrog skeleton (D:7)
  Crazy Yiuf (D:3)
  4 hounds
  Jessica (D:3)
  3 orc wizards
  3 worker ants
  2 gnolls (D:5)
  7 adders
  2 shadow imps
  5 worms
  4 dart slugs
  5 leopard geckos
  14 orcs
  2 giant cockroaches (D:6)
  10 hobgoblins
  14 jackals
  3 ball pythons
  5 bats
  9 frilled lizards
  6 goblins
  8 kobolds
  A leopard gecko skeleton (D:7)
  9 rats
147 creatures vanquished.

Vanquished Creatures (others)
  An orc warrior (D:6)
  A black bear (D:7)
  4 ice beasts
  3 slaves (D:7)
  A big kobold (D:7)
  A scorpion (D:4)
  2 wights (D:7)
  A quasit (D:7)
  17 jellies
  2 hounds (D:4)
  3 orc wizards
  2 worker ants
  A worker ant zombie (D:7)
  2 gnolls (D:5)
  3 adders
  An ooze (D:4)
  A worm (D:4)
  16 orcs
  A giant cockroach (D:5)
  A quokka (D:7)
  2 frilled lizards
  A jackal skeleton (D:6)
  3 kobolds (D:7)
70 creatures vanquished.

Grand Total: 217 creatures vanquished

Notes
Turn   | Place    | Note
-------+----------+-------------------------------------------
     0 | D:1      | slep the Demonspawn Gladiator began the quest for the Orb.
     0 | D:1      | Reached XP level 1. HP: 16/16 MP: 1/1
   246 | D:1      | Gained mutation: You are partially covered in sharp spines. [demonic ancestry]
   246 | D:1      | Reached XP level 2. HP: 18/22 MP: 2/2
   382 | D:1      | Gained mutation: You are immune to rotting. [demonic ancestry]
   382 | D:1      | Reached XP level 3. HP: 25/27 MP: 3/3
   930 | D:2      | Reached XP level 4. HP: 32/34 MP: 4/4
  1617 | D:3      | Noticed Jessica
  1621 | D:3      | Killed Jessica
  1648 | D:3      | Reached skill level 1 in Armour
  1648 | D:3      | Gained mutation: You may emit foul miasma when damaged in melee. [demonic ancestry]
  1648 | D:3      | Reached XP level 5. HP: 27/39 MP: 5/5
  1710 | D:3      | Found a faded altar of an unknown god.
  1723 | D:3      | Became a worshipper of Jiyva Jofonk the Shapeless
  1723 | D:3      | Reached * piety under Jiyva
  2117 | D:3      | Found a runed door.
  2124 | D:3      | Reached ** piety under Jiyva
  2151 | D:3      | Noticed Crazy Yiuf
  2159 | D:3      | Killed Crazy Yiuf
  2159 | D:3      | Reached skill level 1 in Maces & Flails
  2384 | D:4      | Found a shadowy altar of Dithmenos.
  2388 | D:4      | Reached XP level 6. HP: 23/46 MP: 6/6
  2472 | D:4      | Reached *** piety under Jiyva
  2472 | D:4      | Gained mutation: Your body has grown golden eyes which may confuse attackers. (Acc +3) [Jiyva's grace]
  2543 | D:4      | Gained mutation: You have a small jelly attached to you that may absorb incoming projectiles. [Jiyva's grace]
  2568 | D:4      | Reached **** piety under Jiyva
  2591 | D:4      | Reached skill level 2 in Maces & Flails
  2708 | D:4      | Found a glowing silver altar of Zin.
  2739 | D:4      | Noticed Grinder
  2755 | D:4      | Paralysed by Grinder for 4 turns
  2761 | D:4      | Killed Grinder
  2761 | D:4      | Reached skill level 3 in Maces & Flails
  2975 | D:4      | You fall through a shaft for 2 floors!
  2982 | D:6      | Reached skill level 1 in Stealth
  3016 | D:5      | Entered Level 5 of the Dungeon
  3023 | D:5      | Gained mutation: You are partially covered in thin metallic scales. (AC +2) [demonic ancestry]
  3023 | D:5      | Reached XP level 7. HP: 29/52 MP: 7/7
  3086 | D:5      | Found an ornate altar of the Wu Jian Council.
  3219 | D:5      | Reached ***** piety under Jiyva
  3315 | D:5      | Reached skill level 4 in Maces & Flails
  3342 | D:5      | Reached skill level 1 in Shields
  3393 | D:5      | Found a staircase to the Ecumenical Temple.
  3613 | D:6      | Lost mutation: Your body has grown golden eyes which may confuse attackers. (Acc +3) [Jiyva's grace]
  3711 | D:6      | Gained mutation: You have a pair of small antennae on your head. [demonic ancestry]
  3711 | D:6      | Reached XP level 8. HP: 48/60 MP: 8/8
  3757 | D:6      | Reached skill level 5 in Maces & Flails
  3933 | D:6      | Lost mutation: You have a small jelly attached to you that may absorb incoming projectiles. [Jiyva's grace]
  3977 | D:6      | Noticed Edmund
  3993 | D:6      | Killed Edmund
  4120 | D:7      | Noticed Pikel
  4135 | D:7      | Killed Pikel
  4135 | D:7      | Reached skill level 6 in Maces & Flails
  4166 | D:7      | Reached XP level 9. HP: 50/66 MP: 9/9
  4177 | D:7      | Reached skill level 7 in Maces & Flails
  4186 | D:7      | Reached skill level 5 in Dodging
  4245 | D:7      | Gained mutation: You have large cloven feet. [Jiyva's grace]
  4276 | D:7      | Noticed a green ugly thing
  4285 | D:7      | Killed a green ugly thing
  4285 | D:7      | Reached skill level 5 in Fighting
  4304 | D:7      | Got a polished whip
  4305 | D:7      | Identified the +5 whip "Zyta" {slash, Str+4 Int+3} (You found it on level 7 of the Dungeon)
  4370 | D:7      | Reached ****** piety under Jiyva
  4531 | D:7      | Gained mutation: You are clumsy. (Dex -2) [Jiyva's grace]
  4604 | D:7      | Reached skill level 8 in Maces & Flails
  4644 | D:7      | Noticed ShadedKnight's ghost (novice GrHu)
  4672 | D:7      | Killed ShadedKnight's ghost
  4716 | D:8      | Reached XP level 10. HP: 30/76 MP: 10/10
  4724 | D:7      | Slain by a scorpion

Vault maps used:
D:1:      dpeg_arrival_solitude
D:2:      first_bread
D:3:      chequers_ecumenical_altar_simple, uniq_crazy_yiuf_cottage,
          uniq_jessica
D:4:      lemuel_crystal_altar, grunt_dithmenos_smoke_and_mirrors, uniq_grinder
D:5:      minmay_temple_entry_enclosed_plants, basic_altar
D:6:      uniq_edmund
D:7:      minmay_cornered_nines, grunt_livestock, uniq_pikel
D:8:      nicolae_overflow_hidden_temple, enter_ossuary_4,
          nicolae_lava_and_water, uniq_prince_ribbit1

Skill      XL: |  1  2  3  4  5  6  7  8  9 |
---------------+----------------------------+-----
Throwing       | 2 |  2.1
Long Blades    | 3 4 |  4.1
Dodging        | 3 4 5 |  5.6
Armour         | 1 2 3 |  3.9
Maces & Flails | 1 3 4 6 8 |  8.3
Fighting       | 3 4 5 |  5.7
Stealth        | 1 3 4 |  4.1
Shields        | 1 2 3 |  3.0

Action                   |  1- 3 |  4- 6 |  7- 9 | 10-12 || total
-------------------------+-------+-------+-------+-------++-------
Melee: Long sword        |    99 |    44 |       |       ||   143
       Flail             |       |   103 |   134 |       ||   237
       Whip              |       |       |    48 |       ||    48
       Kick              |       |       |    23 |     1 ||    24
       Falchion          |       |       |     2 |     4 ||     6
 Stab: Sleeping          |       |     1 |     3 |       ||     4
       Confused          |       |       |     1 |       ||     1
  Eat: Chunk             |       |    22 |       |       ||    22
Armor: Leather armour    |    29 |    33 |    54 |     2 ||   118
Dodge: Dodged            |    80 |    87 |   102 |     5 ||   274
Block: Buckler           |       |    23 |    42 |     1 ||    66
       Rpst.: Long sword |    25 |     5 |       |       ||    30
       Falchion          |       |       |     2 |     2 ||     4

Table legend:
 A = Spawn XP
 B = Non-spawn XP
 C = Spawn XP percentage of total XP
 D = Spawn monster count
 E = Non-spawn monster count
 F = Spawn count percentage of total count
 G = Total turns spent on level
                    A         B        C        D         E        F      G
               +---------+---------+-------+---------+---------+-------+---------
         Total |       0 |    5622 |   0.0 |       0 |     149 |   0.0 |  4724
               +---------+---------+-------+---------+---------+-------+---------
           D:1 |       0 |      53 |   0.0 |       0 |      31 |   0.0 |   635
           D:2 |       0 |      69 |   0.0 |       0 |      26 |   0.0 |   801
           D:3 |       0 |     154 |   0.0 |       0 |      26 |   0.0 |   876
           D:4 |       0 |     430 |   0.0 |       0 |      12 |   0.0 |   663
           D:5 |       0 |     391 |   0.0 |       0 |      10 |   0.0 |   515
           D:6 |       0 |     830 |   0.0 |       0 |      15 |   0.0 |   616
           D:7 |       0 |    3479 |   0.0 |       0 |      25 |   0.0 |   608
           D:8 |       0 |     216 |   0.0 |       0 |       4 |   0.0 |    10
               +---------+---------+-------+---------+---------+-------+---------
